 Dungeon Crawl Stone Soup version 0.29.1-15-g9cfb28693d (webtiles) character file.

Game seed: 3260243867181660733

3290 BuddhaDhamma the Severer (level 9, -2/65 (70) HPs)
             Began as a Minotaur Berserker on Mar 4, 2023.
             Was a High Priest of Trog.
             Slain by a wight
             ... wielding a +0 long sword
              (10 damage)
             ... on level 6 of the Dungeon.
             The game lasted 00:11:35 (6300 turns).

BuddhaDhamma the Severer (Minotaur Berserker)       Turns: 6300, Time: 00:11:35

HP:   -2/65 (70)    AC:  8    Str: 29    XL:     9   Next: 69%
MP:   8/8           EV: 10    Int:  4    God:    Trog [*****.]
Gold: 293           SH:  0    Dex: 10    Spells: 8/8 levels left

rFire   x . .      SeeInvis .   y - +2 hand axe of Zin's Generosity {flame, rF- Str+3 Stlth+}
rCold   . . .      Faith    +   (no shield)
rNeg    . . .      Spirit   .   x - +0 scale mail
rPois   .          Reflect  .   (helmet restricted)
rElec   .          Harm     .   s - +1 cloak
rCorr   .          Rampage  .   (no gloves)
Will    .....                   (no boots)
Stlth   +.........              u - amulet of faith
HPRegen 0.20/turn               (no ring)
MPRegen 0.11/turn               (no ring)

@: on berserk cooldown, slowed, drained, very slow
A: horns 2, retaliatory headbutt
a: Renounce Religion, Berserk, Trog's Hand, Brothers in Arms


You were on level 6 of the Dungeon.
You worshipped Trog.
Trog was extremely pleased with you.
You visited 1 branch of the dungeon, and saw 6 of its levels.

You collected 293 gold pieces.

Inventory:

Hand Weapons
 j - a +0 war axe
 y - the +2 hand axe of Zin's Generosity (weapon) {flame, rF- Str+3 Stlth+}
   (You took it off a kobold brigand on level 5 of the Dungeon)

   It burns those it strikes, dealing additional fire damage.
   Big, fiery blades are also staple armaments of hydra-hunters.
   Str:       It affects your strength (+3).
   rF:        It makes you vulnerable to fire.
   Stlth:     It makes you more stealthy.
Missiles
 m - 5 boomerangs (quivered)
 w - 4 throwing nets
Armour
 s - a +1 cloak (worn)
 x - a +0 scale mail (worn)
Jewellery
 f - a ring of resist corrosion
 u - an amulet of faith (around neck)
Wands
 r - a wand of mindburst (6)
Scrolls
 e - a scroll of enchant armour
 g - 4 scrolls of teleportation
 h - 2 scrolls of poison
 n - 3 scrolls of amnesia
 q - a scroll of identify
Potions
 a - a potion of ambrosia
 b - 3 potions of curing
 c - 3 potions of lignification
 d - 2 potions of degeneration
 i - a potion of berserk rage {unknown}
 k - 3 potions of brilliance
 l - 2 potions of attraction
 o - 2 potions of flight
 p - a potion of mutation {unknown}
 t - 2 potions of heal wounds
 v - a potion of cancellation {unknown}
 z - 2 potions of haste {unknown}


   Skills:
 - Level 3.6 Fighting
 + Level 16.3 Axes
 - Level 2.4 Armour
 - Level 2.1 Dodging


You had 8 spell levels left.
You didn't know any spells.
Your spell library was empty.

Dungeon Overview and Level Annotations

Branches:
Dungeon (6/15)             Temple (0/1) D:4

Altars:
Trog


Innate Abilities, Weirdness & Mutations

You have a pair of horns on your head.
You reflexively headbutt those who attack you in melee.


Message History

The wyvern zombie barely misses you. The wyvern zombie closely misses you.
Things that are here:
a +0 long sword; a +0 robe You hit the wight.
You burn the wight. Your headbutt misses the wight.
The wight is lightly damaged.
You barely miss the wyvern zombie.
The wyvern zombie bites you but does no damage.
The wight hits you but does no damage.
You hit the wight but do no damage. Your headbutt misses the wight.
The wight is lightly damaged.
You slash the wyvern zombie! You burn the wyvern zombie.
You destroy the wyvern zombie!
Trog accepts your kill.
You hit the wight. You burn the wight. You closely miss the wight.
Your headbutt misses the wight.
The wight is lightly damaged.
You hit the wight. You burn the wight.
The wight hits you with a +0 long sword.
The wight barely misses you. The wight hits you with a +4 flail!
You feel drained.
The wight hits you but does no damage. x3
The wight barely misses you. The wight hits you with a +4 flail!
The wight hits you from afar with a +1 halberd of flaming.
You feel drained. The wight burns you.
You hit the wight. You burn the wight. Your headbutt misses the wight.
The wight is heavily damaged.
You barely miss the wight. x2; The wight closely misses you.
The wight hits you from afar with a +1 halberd of flaming.
* * * LOW HITPOINT WARNING * * *
The wight burns you.
* * * LOW HITPOINT WARNING * * *
The wight closely misses you. The wight hits you but does no damage.
You hit the wight. You burn the wight.
The wight is severely damaged.
You hit the wight but do no damage. x2; The wight hits you with a +4 flail!
* * * LOW HITPOINT WARNING * * *
You feel drained.
* * * LOW HITPOINT WARNING * * *
The wight barely misses you.
The wight hits you with a +0 long sword!
You die...

....#...........##
#............#...
#.............!..
#..P.........#
#.......)....#
#..†..[...$>#.. #######
###...........# ......#
#..zz†.....##
......#######.))@zz....#
.............######.#..#
......######.............
......# ########..#####
#.##### ... #.# ... #.#
#.# #.#


You could see 4 wights.

Vanquished Creatures
  A wyvern (D:5)
  Eustachio (D:5)
  An ice beast (D:6)
  Duvessa (D:4)
  2 black bears (D:6)
  2 ogres
  A centaur (D:5)
  2 phantoms
  A kobold brigand (D:5)
  A wyvern zombie (D:6)
  2 necrophages (D:5)
  A gnoll sergeant (D:5)
  3 scorpions
  A wight (D:6)
  Dowan (D:4)
  4 killer bees (D:6)
  A howler monkey (D:6)
  4 vampire bats (D:4)
  3 quasits (D:5)
  4 hounds
  4 jellies
  A gnoll bouda (D:5)
  3 bullfrog skeletons (D:6)
  3 orc priests (D:4)
  Jessica (D:2)
  Terence (D:2)
  6 iguanas
  2 orc wizards
  2 killer bee zombies (D:6)
  14 gnolls
  9 adders
  7 shadow imps (D:5)
  2 white imps (D:5)
  3 ufetubi
  3 worms
  4 dart slugs
  18 orcs
  9 ball pythons
  13 bats
  9 endoplasms
  2 giant cockroaches (D:1)
  7 goblins
  6 hobgoblins
  15 jackals
  8 quokkas
  2 frilled lizards
  6 kobolds
  3 rats
200 creatures vanquished.

Vanquished Creatures (others)
  4 demonic plants (D:5)
4 creatures vanquished.

Grand Total: 204 creatures vanquished

Notes
Turn   | Place    | Note
-------+----------+-------------------------------------------
     0 | D:1      | BuddhaDhamma the Minotaur Berserker began the quest for the
                  | Orb.
     0 | D:1      | Reached XP level 1. HP: 19/19 MP: 0/0
    69 | D:1      | Reached skill level 4 in Axes
   119 | D:1      | Found a faded altar of an unknown god.
   142 | D:1      | Reached XP level 2. HP: 15/26 MP: 1/1
   533 | D:1      | Reached skill level 5 in Axes
   546 | D:1      | Reached XP level 3. HP: 23/31 MP: 2/2
   680 | D:1      | Reached ** piety under Trog
  1076 | D:2      | Noticed Jessica
  1080 | D:2      | Killed Jessica
  1125 | D:2      | Reached skill level 6 in Axes
  1125 | D:2      | Reached XP level 4. HP: 35/39 MP: 3/3
  1190 | D:2      | Identified the +2 robe of Makhleb's Benevolence {Drain
                  | Str+7 Int+5}
  1330 | D:2      | Noticed Terence
  1336 | D:2      | Killed Terence
  1988 | D:2      | Reached XP level 5. HP: 45/45 MP: 4/4
  2121 | D:3      | Reached skill level 7 in Axes
  2343 | D:3      | Reached skill level 8 in Axes
  2529 | D:3      | Reached *** piety under Trog
  2881 | D:4      | Reached XP level 6. HP: 7/51 MP: 5/5
  2883 | D:4      | HP: 1/76 [orc/+0 hand axe (6)]
  3468 | D:4      | Reached skill level 9 in Axes
  3477 | D:4      | Reached XP level 7. HP: 53/57 MP: 6/6
  3647 | D:4      | Noticed Dowan
  3648 | D:4      | Noticed Duvessa
  3660 | D:4      | Killed Duvessa
  3661 | D:4      | Reached skill level 10 in Axes
  3666 | D:4      | Killed Dowan
  3891 | D:4      | Reached **** piety under Trog
  3894 | D:4      | Found a staircase to the Ecumenical Temple.
  4185 | D:5      | Entered Level 5 of the Dungeon
  4261 | D:5      | Reached skill level 11 in Axes
  4515 | D:5      | Noticed Eustachio
  4528 | D:5      | Killed Eustachio
  4529 | D:5      | Reached XP level 8. HP: 64/64 MP: 7/7
  4578 | D:5      | Reached skill level 12 in Axes
  4817 | D:5      | Reached skill level 13 in Axes
  5491 | D:5      | Reached ***** piety under Trog
  5506 | D:5      | Reached skill level 14 in Axes
  5515 | D:5      | Identified the +2 hand axe of Zin's Generosity {flame, rF-
                  | Str+3 Stlth+}
  5518 | D:5      | Reached XP level 9. HP: 49/70 MP: 8/8
  6192 | D:6      | Found a bloodstained altar of Trog.
  6204 | D:6      | Reached skill level 15 in Axes
  6275 | D:6      | Reached skill level 16 in Axes
  6293 | D:6      | Received a gift from Trog
  6300 | D:6      | Slain by a wight

Illustrated notes

Levels and vault maps discovered:
D:1:      spicycebolla_green_bress_n_ham, layout_rooms,
          shapermc_ecumenical_altar_mp_highgroup, supply_closet_lemuel,
          hex_large
D:2:      layout_basic, uniq_terence, uniq_jessica
D:3:      layout_rooms, hangedman_decor_slide_cut, due_unseen_surprise
D:4:      layout_loops_corners, minmay_temple_entry_sparse_star,
          minmay_misc_feat_chi, roderic_batcave, uniq_duvessa
D:5:      kennysheep_windowed_halls, layout_loops_ring, serial_demonic,
          serial_demonic_b, serial_demonic_b, serial_demonic_c,
          serial_demonic_e, serial_demonic_a, serial_demonic_a, uniq_eustachio
D:6:      layout_rooms, nicolae_overflow_hidden_temple, trog_ov_bears_minmay,
          gammafunk_temple_overflow_wave, serial_undead, serial_undead_d,
          serial_undead_e, serial_undead_a, serial_undead_d, uniq_edmund

Skill      XL: |  1  2  3  4  5  6  7  8  9 |
---------------+----------------------------+-----
Axes           | 4 5 6 8 9 11 14 16 | 16.3
Fighting       | |  3.6
Armour         | |  2.4
Dodging        | |  2.1

Action                   |  1- 3 |  4- 6 |  7- 9 || total
-------------------------+-------+-------+-------++-------
Melee: Hand axe          |    68 |   108 |   215 ||   391
       Headbutt          |     5 |    15 |    36 ||    56
       War axe           |       |       |    95 ||    95
       Punch             |       |       |     2 ||     2
Throw: Boomerang         |     2 |       |     1 ||     3
Invok: Berserk           |       |     2 |     6 ||     8
  Use: Scroll            |       |    11 |     9 ||    20
Armor: Animal skin       |    12 |    10 |       ||    22
       Ring mail         |       |    20 |       ||    20
       Scale mail        |       |    17 |   131 ||   148
Dodge: Dodged            |    48 |    65 |   171 ||   284
